 Seeded DCSS version 0.29.1-2-gbd0b4ee654 (webtiles) character file.

Game seed: 2813356946425061351 (custom seed)

1312 Nerdsrcool the Vexing (level 8, -3/61 HPs)
             Began as a Gnoll Arcane Marksman on Oct 27, 2022.
             Was a Follower of Nemelex Xobeh.
             Slain by a sixfirhy (6 damage)
             ... summoned by a kobold demonologist
             ... on level 5 of the Dungeon.
             The game lasted 00:44:30 (6167 turns).

Nerdsrcool the Vexing (Gnoll Arcane Marksman)       Turns: 6167, Time: 00:44:32

Health: -3/61      AC:  6    Str:  9    XL:     8   Next: 58%
Magic:  23/23      EV: 13    Int: 13    God:    Nemelex Xobeh [*.....]
Gold:   230        SH:  0    Dex: 21    Spells: 12/16 levels left

rFire   + . .      SeeInvis .   A - +0 dagger
rCold   + . .      Faith    .   (no shield)
rNeg    . . .      Spirit   .   g - +0 ring mail
rPois   +          Reflect  .   b - +0 helmet
rElec   +          Harm     .   (no cloak)
rCorr   +          Rampage  .   (no gloves)
Will    .....                   (no boots)
Stlth   ++........              (no amulet)
HPRegen 0.20/turn               d - +6 ring of dexterity
MPRegen 0.18/turn               n - ring of magical power

@: resistant (expiring)
A: fangs 1, strong nose, distributed training
a: Renounce Religion, Draw Escape, Draw Destruction, Draw Summoning


You were on level 5 of the Dungeon.
You worshipped Nemelex Xobeh.
Nemelex Xobeh was aware of your devotion.
You visited 1 branch of the dungeon, and saw 5 of its levels.

You collected 230 gold pieces.

Inventory:

Hand Weapons
 a - a +1 vorpal sling
 A - a +0 dagger (weapon)
Missiles
 h - 50 stones
 r - 6 boomerangs
 t - 4 javelins
 w - 15 poisoned darts
Armour
 b - a +0 helmet (worn)
 c - a +0 robe
 g - a +0 ring mail (worn)
 i - a +0 cloak
Magical Staves
 f - a staff of death
Jewellery
 d - a +6 ring of dexterity (left hand)
 e - a ring of fire
 j - a ring of ice
 n - a ring of magical power (right hand)
Wands
 p - a wand of flame (18)
 z - a wand of digging (5)
Potions
 k - a potion of mutation
 l - 2 potions of brilliance
 m - a potion of degeneration


   Skills:
 + Level 4.4 Fighting
 + Level 3.5 Short Blades
 + Level 3.5 Long Blades
 + Level 3.5 Axes
 + Level 3.5 Maces & Flails
 + Level 3.5 Polearms
 + Level 3.5 Staves
 + Level 5.8 Ranged Weapons
 + Level 3.5 Throwing
 + Level 3.5 Armour
 + Level 5.8 Dodging
 + Level 3.5 Stealth
 + Level 3.5 Shields
 + Level 3.5 Unarmed Combat
 + Level 4.5 Spellcasting
 + Level 2.9 Conjurations
 + Level 6.2 Hexes
 + Level 2.9 Summonings
 + Level 2.9 Necromancy
 + Level 2.9 Translocations
 + Level 2.9 Transmutations
 + Level 2.9 Fire Magic
 + Level 2.9 Ice Magic
 + Level 2.9 Air Magic
 + Level 2.9 Earth Magic
 + Level 2.9 Poison Magic
 + Level 3.9 Invocations
 + Level 3.5 Evocations


You had 12 spell levels left.
You knew the following spells:

 Your Spells              Type           Power      Damage    Failure   Level
a - Slow                  Hex            76%        N/A       4%          1
b - Inner Flame           Hex/Fire       14%        N/A       24%         3

Your spell library contained the following spells:

 Spells                   Type           Power      Damage    Failure   Level
 Static Discharge         Conj/Air       10%        3-5/arc   24%         2
 Portal Projectile        Hex/Tloc       28%        N/A       24%         3
 Cause Fear               Hex            9%         N/A       36%         4
 Dispel Undead            Necr           10%        3d9       83%         4
 Sticky Flame             Conj/Fire      10%        2d3       83%         4


Dungeon Overview and Level Annotations

Branches:
Dungeon (5/15)             Temple (0/1) D:4

Altars:
Cheibriados
Dithmenos
Gozag
Kikubaaqudgha
Nemelex Xobeh
Okawaru
Qazlal
Uskayaw
Zin

Annotations:
D:3 1 runed translucent door, Crazy Yiuf


Innate Abilities, Weirdness & Mutations

You have very sharp teeth.
Your uncanny sense of smell can sniff out nearby items.
Your experience applies equally to all skills.


Message History

You swap places.
You swap places.
The hound closely misses your butterfly.
The hound bites your butterfly.
Your butterfly dies!
Your butterfly disappears in a burst of colours!
A kobold comes into view. It is wielding a +0 sling.
Found a plate armour.
The kobold demonologist mumbles some strange words.
The kobold brigand shouts!
The kobold demonologist casts a spell.
The kobold brigand throws a poisoned dart.
The poisoned dart misses you.
Aiming: Throw Flame
Press: ? - help, Q - select action, (/) - cycle Shift-Dir - straight line, f - kobold demonologist, p - hound
Aim: a kobold demonologist, wielding a +0 dagger and wearing a +0 robe (60% to hit)
The puff of flame hits the sixfirhy!
The sixfirhy is lightly wounded.
The kobold shouts!
You are no longer corroded.
You start to feel less resistant.
The hound is no longer moving slowly.
The sixfirhy hits you but does no damage.
The hound stops to sniff the ground.
The kobold demonologist mumbles some strange words.
The sixfirhy completely misses you. The sixfirhy attacks as you move away!
The sixfirhy closely misses you.
The sixfirhy hits you but does no damage.
The sixfirhy barely misses you. The sixfirhy misses you.
The kobold demonologist mumbles some strange words.
You see here a +0 plate armour.
The white imp disappears in a puff of smoke!
The sixfirhy attacks as you move away! The sixfirhy hits you.
* * * LOW HITPOINT WARNING * * *
The sixfirhy shocks you. You resist.
* * * LOW HITPOINT WARNING * * *
A hound comes into view.
The sixfirhy hits you.
You die...
Your body disappears without a glow.

....### ...## #.##
..### #........ #
....#.......... .##
###.#.........# ...#
....#.........#####..#
)####.......K.##...h.#
.# #..5......##@# ∆ .#
##......K..##3# )#
#.....55K.K.h[# .#
#.....§..5.#### ##
#.########## # #.#
####h# K..K.# ###..#


You could see a sixfirhy (summoned) and 2 hounds.

Vanquished Creatures
  Grinder (D:4)
  4 black bears
  An ice beast (D:5)
  An ogre (D:5)
  A phantom (D:4)
  A jelly (D:4)
  A hound (D:5)
  4 iguanas
  Robin (D:3)
  4 gnolls
  6 adders
  A shadow imp (D:5)
  3 worms
  4 dart slugs
  9 orcs
  7 ball pythons
  11 endoplasms
  A giant cockroach (D:1)
  10 goblins
  3 hobgoblins
  3 jackals (D:3)
  8 kobolds
  2 quokkas
  7 bats
  3 frilled lizards
  9 rats
106 creatures vanquished.

Vanquished Creatures (collateral kills)
  A swamp drake (D:5)
  An orc wizard (D:5)
2 creatures vanquished.

Vanquished Creatures (others)
  A bat (D:5)
1 creature vanquished.

Grand Total: 109 creatures vanquished

Notes
Turn   | Place    | Note
-------+----------+-------------------------------------------
     0 | D:1      | Nerdsrcool the Gnoll Arcane Marksman began the quest for
                  | the Orb.
     0 | D:1      | Reached XP level 1. HP: 17/17 MP: 4/4
   151 | D:1      | Reached XP level 2. HP: 21/23 MP: 5/5
   529 | D:1      | Found a faded altar of an unknown god.
  1044 | D:2      | Reached XP level 3. HP: 28/28 MP: 7/7
  1246 | D:2      | Reached skill level 1 in Invocations
  1330 | D:2      | Reached skill level 1 in Short Blades
  1330 | D:2      | Reached skill level 1 in Long Blades
  1330 | D:2      | Reached skill level 1 in Axes
  1330 | D:2      | Reached skill level 1 in Maces & Flails
  1330 | D:2      | Reached skill level 1 in Polearms
  1330 | D:2      | Reached skill level 1 in Staves
  1330 | D:2      | Reached skill level 1 in Throwing
  1330 | D:2      | Reached skill level 1 in Armour
  1330 | D:2      | Reached skill level 1 in Stealth
  1330 | D:2      | Reached skill level 1 in Shields
  1330 | D:2      | Reached skill level 1 in Unarmed Combat
  1330 | D:2      | Reached skill level 1 in Evocations
  1414 | D:2      | Reached XP level 4. HP: 34/34 MP: 8/8
  1792 | D:3      | Reached skill level 1 in Conjurations
  1792 | D:3      | Reached skill level 1 in Summonings
  1792 | D:3      | Reached skill level 1 in Necromancy
  1792 | D:3      | Reached skill level 1 in Translocations
  1792 | D:3      | Reached skill level 1 in Transmutations
  1792 | D:3      | Reached skill level 1 in Fire Magic
  1792 | D:3      | Reached skill level 1 in Ice Magic
  1792 | D:3      | Reached skill level 1 in Air Magic
  1792 | D:3      | Reached skill level 1 in Earth Magic
  1792 | D:3      | Reached skill level 1 in Poison Magic
  2107 | D:3      | Found a stormy altar of Qazlal.
  2107 | D:3      | Found an opulent altar of Gozag.
  2108 | D:3      | Found a sparkling altar of Nemelex Xobeh.
  2300 | D:3      | Noticed Robin
  2312 | D:3      | Killed Robin
  2313 | D:3      | Reached XP level 5. HP: 30/40 MP: 9/9
  2662 | D:3      | Found a runed translucent door.
  2663 | D:3      | Noticed Crazy Yiuf
  2717 | D:3      | Found an ancient bone altar of Kikubaaqudgha.
  2719 | D:3      | Found a glowing silver altar of Zin.
  2993 | D:3      | Became a worshipper of Nemelex Xobeh the Trickster
  3592 | D:4      | Learned a level 3 spell: Inner Flame
  3653 | D:4      | Reached XP level 6. HP: 39/47 MP: 11/11
  3971 | D:4      | Found a snail-covered altar of Cheibriados.
  4037 | D:4      | Reached skill level 5 in Ranged Weapons
  4037 | D:4      | Reached skill level 5 in Dodging
  4037 | D:4      | Found a shadowy altar of Dithmenos.
  4088 | D:4      | Noticed Grinder
  4096 | D:4      | Paralysed by Grinder for 3 turns
  4119 | D:4      | Killed Grinder
  4120 | D:4      | Reached XP level 7. HP: 40/52 MP: 12/12
  4547 | D:4      | Found a staircase to the Ecumenical Temple.
  4556 | D:4      | Found an iron altar of Okawaru.
  4906 | D:5      | Entered Level 5 of the Dungeon
  4907 | D:5      | Reached * piety under Nemelex Xobeh
  5096 | D:5      | Reached skill level 6 in Hexes
  5109 | D:5      | Reached XP level 8. HP: 52/60 MP: 14/14
  5113 | D:5      | Noticed a kobold demonologist
  5979 | D:5      | Received a gift from Nemelex Xobeh
  6073 | D:5      | Found a hide-covered altar of Uskayaw.
  6085 | D:5      | Noticed a kobold demonologist
  6087 | D:5      | Noticed a hellwing
  6093 | D:5      | Noticed a rust devil
  6093 | D:5      | a hellwing changed into a rust devil
  6093 | D:5      | a kobold demonologist changed into a swamp drake
  6128 | D:5      | Noticed a sun demon
  6159 | D:5      | Noticed a sixfirhy
  6161 | D:5      | Noticed a rust devil
  6167 | D:5      | HP: 3/61 [sixfirhy[a kobold demonologist] (3)]
  6167 | D:5      | Slain by a sixfirhy

Illustrated notes

Levels and vault maps discovered:
D:1:      ncdulo_watergridlock, layout_basic, chequers_ecumenical_altar_grove
D:2:      layout_basic, st_stairs_10
D:3:      layout_loops_ring, nicolae_overflow_hidden_temple,
          minmay_misc_feat_enclosed, chequers_avenue, grunt_ministairs_8,
          uniq_crazy_yiuf_cottage, uniq_robin
D:4:      black_bear_nest_2, layout_basic, mainiacjoe_overflow_catwalk_spiral,
          old_standard_altar, minmay_temple_entry_metal_lava, uniq_grinder
D:5:      layout_basic, kennysheep_mini_moat

Skill      XL: |  1  2  3  4  5  6  7 |
---------------+----------------------+-----
Invocations    | 1 2 3 |  3.9
Short Blades   | 1 2 3 |  3.5
Long Blades    | 1 2 3 |  3.5
Axes           | 1 2 3 |  3.5
Maces & Flails | 1 2 3 |  3.5
Polearms       | 1 2 3 |  3.5
Staves         | 1 2 3 |  3.5
Throwing       | 1 2 3 |  3.5
Armour         | 1 2 3 |  3.5
Stealth        | 1 2 3 |  3.5
Shields        | 1 2 3 |  3.5
Unarmed Combat | 1 2 3 |  3.5
Evocations     | 1 2 3 |  3.5
Spellcasting   | 3 4 |  4.5
Conjurations   | 1 2 |  2.9
Summonings     | 1 2 |  2.9
Necromancy     | 1 2 |  2.9
Translocations | 1 2 |  2.9
Transmutations | 1 2 |  2.9
Fire Magic     | 1 2 |  2.9
Ice Magic      | 1 2 |  2.9
Air Magic      | 1 2 |  2.9
Earth Magic    | 1 2 |  2.9
Poison Magic   | 1 2 |  2.9
Fighting       | 3 4 |  4.4
Ranged Weapons | 5 |  5.8
Dodging        | 5 |  5.8
Hexes          | 6 |  6.2

Action                   |  1- 3 |  4- 6 |  7- 9 || total
-------------------------+-------+-------+-------++-------
Melee: Sling             |     7 |     1 |     1 ||     9
       Bite              |     2 |     1 |       ||     3
       Dagger            |       |       |    16 ||    16
 Fire: Sling             |    93 |   174 |   134 ||   401
 Cast: Slow              |    13 |    18 |    39 ||    70
Invok: Draw Destruction  |       |       |     3 ||     3
       Draw Summoning    |       |       |     3 ||     3
       Draw Escape       |       |       |     2 ||     2
Evoke: Wand              |       |     1 |     2 ||     3
  Use: Scroll            |       |    16 |     6 ||    22
       Potion            |       |     3 |     7 ||    10
 Stab: Distracted        |       |       |     1 ||     1
Armor: Ring mail         |    49 |    23 |    41 ||   113
       Skin              |       |    18 |       ||    18
Dodge: Dodged            |    74 |    38 |   100 ||   212
